 Dungeon Crawl Stone Soup version 0.31-a0-986-g5e6e4ef867 (webtiles) character file.

Game seed: 5761107430834646642

688 sokol815 the Chopper (level 7, -2/50 HPs)
             Began as an Octopode Gladiator on Nov 4, 2023.
             Was an Initiate of Gozag.
             Slain by an ice beast (9 damage)
             ... on level 5 of the Dungeon.
             The game lasted 00:08:26 (3127 turns).

sokol815 the Chopper (Octopode Gladiator)           Turns: 3127, Time: 00:08:27

Health: -2/50      AC:  1    Str: 11    XL:     7   Next: 63%
Magic:  7/7        EV: 14    Int: 10    God:    Gozag
Gold:   437        SH:  0    Dex: 19    Spells: 6/6 levels left

rFire   . . .        a - +0 war axe
rCold   . . .        (no shield)
rNeg    . . .        b - +0 hat
rPois   .            m - amulet of regeneration
rElec   .            i - +6 ring of dexterity
rCorr   +            l - ring of Doubts {+Blink rCorr Str-5 SInv}
SInv    +            (no ring)
Will    .....        (no ring)
Stlth   +++          (no ring)
HPRegen 1.08/turn    (no ring)
MPRegen 0.10/turn    (no ring)
                     (no ring)

%: no passive effects
@: hasted, very quick
A: almost no armour, amphibious, 8 rings, camouflage 1, gelatinous body 1,
(nimble swimmer 1), tentacles
a: Renounce Religion, Evoke Blink, Potion Petition, Call Merchant, Bribe Branch


You were on level 5 of the Dungeon.
You worshipped Gozag.
Gozag was aware of your devotion.
You visited 1 branch of the dungeon, and saw 5 of its levels.

You collected 477 gold pieces.
You paid 40 gold pieces to Gozag.

Inventory:

Hand Weapons
 a - a +0 war axe (weapon)
 e - a +0 heavy flail
   (You took it off Edmund on level 5 of the Dungeon)
Missiles
 c - 3 throwing nets {!d}
 d - a javelin
 n - 2 poisoned darts
 r - 3 boomerangs
 s - 55 stones
Armour
 b - a +0 hat (worn)
Magical Staves
 h - a staff of death {rN+}
   (You found it on level 1 of the Dungeon)
Jewellery
 i - a +6 ring of dexterity (left tentacle)
   (You found it on level 1 of the Dungeon)
 k - an amulet of guardian spirit
   (You found it on level 2 of the Dungeon)
 l - the ring of Doubts (right tentacle) {+Blink rCorr Str-5 SInv}
   (You acquired it on level 4 of the Dungeon)

   [ring of see invisible]

   Str-5:     It affects your strength (-5).
   SInv:      It lets you see invisible.
   +Blink:    It lets you blink.
   rCorr:     It protects you from acid and corrosion.
 m - an amulet of regeneration (around mantle)
   (You found it on level 2 of the Dungeon)
 o - an amulet of magic regeneration
   (You found it on level 2 of the Dungeon)
Wands
 q - a wand of flame (31)
   (You found it on level 2 of the Dungeon)
Scrolls
 g - a scroll of enchant weapon {unknown}
 p - a scroll of blinking {unknown}
 u - a scroll of immolation {unknown}
 v - a scroll of identify {unknown}
Potions
 f - a potion of might {unknown}
 j - a potion of attraction {unknown}
 H - a potion of haste
 J - a potion of curing {@q1}


   Skills:
 + Level 5.0 Fighting
 * Level 7.3 Axes
 - Level 2.0 Throwing
 - Level 3.0 Dodging


You had 6 spell levels left.
You didn't know any spells.
Your spell library contained the following spells:

 Spells                   Type           Power      Damage    Failure   Level
 Sublimation of Blood     Necr           0%         N/A       50%         2
 Wereblood                Tmut           0%         N/A       50%         2
 Dazzling Flash           Conj/Hex       0%         N/A       75%         3
 Tukima's Dance           Hex            0%         N/A       75%         3
 Volatile Blastmotes      Fire/Tloc      0%         2d10      75%         3
 Dimensional Bullseye     Hex/Tloc       0%         N/A       98%         4
 Iskenderun's Mystic Bla  Conj/Tloc      0%         2d3       98%         4
 Starburst                Conj/Fire      0%         6d3       100%        6
 Summon Hydra             Summ           0%         N/A       100%        7
 Maxwell's Capacitive Co  Air            0%         ∞         100%        8


Dungeon Overview and Level Annotations

Branches:
Dungeon (5/15) Zot: 26663
 Temple: D:4-7

Altars:
Dithmenos
Fedhas
Gozag
Okawaru
Sif Muna
Vehumet
Yredelemnul

Annotations:
D:3 Grinder
D:5 3 runed translucent doors, Dittersdorf's ghost, novice GrFi


Innate Abilities, Weirdness & Mutations

You cannot wear most types of armour.
You are amphibious.
You can wear up to eight rings at the same time.
Your skin changes colour to match your surroundings (Stealth+).
Your rubbery body absorbs attacks. (AC +1, EV +1)
((You are camouflaged when in or above water. (Stealth+)))
You have tentacles for arms and can constrict up to eight enemies at once.


Message History

Health restored: 49 You hit the quokka.
Your grab misses the quokka. The quokka closely misses you.
You miss the quokka. Your grab misses the quokka.
The quokka barely misses you. x2
You hit the quokka.
You kill the quokka!
You now have 431 gold pieces (gained 3).
An iguana comes into view.
The iguana hisses angrily.
The iguana closely misses you.
You hit the iguana. Your grab misses the iguana.
You squeeze the iguana, but do no damage.
The iguana misses you.
You slash the iguana!
You kill the iguana!
Your Fighting skill increases to level 5!
Health restored: 50 No target in view!
You now have 437 gold pieces (gained 6).
s - 55 stones (gained 7)
u - a scroll labelled ONNAS LOBAK
Found a stone staircase leading up.
Okay, then.
v - a scroll labelled QOUGIL SAAD
Found a stone staircase leading down.
An orc comes into view. It is wielding a +0 club.
An orc and an adder come into view. 2 orcs come into view.
The adder hisses angrily.
The orc shouts! x3
The orc hits you with a +0 club. The adder barely misses you.
You take 6 damage, and have 44/50 hp.
You hit the adder. Your grab misses the adder. Your squeeze misses the adder.
You hit the orc. The adder misses you. The orc closely misses you.
You barely miss the adder. You grab the adder.
You hit the orc but do no damage. You constrict the adder. The adder bites you.
The orc hits you with a +0 club. The adder barely misses you.
You take 5 damage, and have 40/50 hp.
You hit the adder.
You kill the adder!
You completely miss the orc. The orc hits you but does no damage.
The orc is distracted by your dazzling golden aura.
The orc misses you.
The orc shouts!
You hit the orc. Your grab misses the orc.
You squeeze the orc, but do no damage. You hit the orc but do no damage.
The orc is no longer distracted by gold.
An ice beast comes into view.
The orc hits you with a +0 club. The orc barely misses you.
You take 1 damage, and have 40/50 hp.
You hit the orc.
You kill the orc!
You hit the orc.
The ice beast is distracted by your dazzling golden aura.
The orc completely misses you.
You barely miss the orc. Your grab misses the orc. You barely miss the orc.
The orc is distracted by your dazzling golden aura.
The orc barely misses you.
The orc shouts!
You slash the orc!
You kill the orc!
You hit the orc but do no damage.
The orc is no longer distracted by gold.
The orc is distracted by your dazzling golden aura.
The orc shouts!
You hit the orc.
The orc is no longer distracted by gold.
Your grab misses the orc. You closely miss the orc. The orc closely misses you.
The orc is distracted by your dazzling golden aura.
The orc shouts!
You hit the orc but do no damage. Your grab misses the orc.
You hit the orc but do no damage.
The orc is no longer distracted by gold.
The orc hits you with a +0 short sword. The orc hits you with a +0 dagger.
You take 3 damage, and have 41/50 hp.
You slash the orc!
You kill the orc!
You hit the orc but do no damage.
The ice beast is no longer distracted by gold.
The orc completely misses you.
You slash the orc!
You kill the orc!
Health restored: 50 You hit the ice beast.
The ice beast hits you. The ice beast freezes you!
You take 16 damage, and have 34/50 hp.
MASSIVE DAMAGE!!
You hit the ice beast but do no damage. The ice beast hits you.
The ice beast freezes you!
You take 14 damage, and have 20/50 hp.
MASSIVE DAMAGE!!
You closely miss the ice beast. The ice beast hits you.
The ice beast freezes you!
* * * LOW HITPOINT WARNING * * *
You take 13 damage, and have 7/50 hp.
MASSIVE DAMAGE!!
It was a potion of haste.
You feel yourself speed up.
H - a potion of haste The ice beast hits you.
* * * LOW HITPOINT WARNING * * *
The ice beast freezes you!
You die...
Your body crumbles into a pile of gold.

#. #.. #...........# #..#
######.###### #..# #.###
..# #...# ... #...# ##.##
#...# #... #...#
###.##$.########...####
......$...Y@..........####
#.....$#########...##....#
....... ##.######.#
#.....# #.# #.# #....? #.#
#.# #..... #.# .### #....
#.## #.# #.... #..#...#
##.#.>.#


You could see an ice beast.

Vanquished Creatures
  Edmund (D:5)
  2 black bears
  A scorpion (D:4)
  An orc priest (D:4)
  A jelly (D:4)
  Jessica (D:3)
  Terence (D:2)
  An iguana (D:5)
  Robin (D:4)
  6 adders
  2 ufetubi (D:5)
  An adder zombie (D:3)
  A worm (D:3)
  3 dart slugs
  16 orcs
  3 ball pythons
  5 bats
  8 endoplasms
  2 giant cockroaches (D:1)
  10 hobgoblins
  4 quokkas
  2 frilled lizards
  16 goblins
  A jackal zombie (D:3)
  3 kobolds
  8 rats
101 creatures vanquished.

Notes
Turn   | Place    | Note
-------+----------+-------------------------------------------
     0 | D:1      | sokol815 the Octopode Gladiator began the quest for the
                  | Orb.
     0 | D:1      | Reached XP level 1. HP: 14/14 MP: 1/1
   147 | D:1      | Reached XP level 2. HP: 17/19 MP: 2/2
   414 | D:1      | Reached XP level 3. HP: 25/25 MP: 3/3
   763 | D:2      | Noticed Terence
   774 | D:2      | Killed Terence
   775 | D:2      | Reached skill level 4 in Axes
   775 | D:2      | Reached XP level 4. HP: 20/30 MP: 4/4
   930 | D:2      | Reached skill level 3 in Fighting
  1149 | D:2      | Found a shimmering blue altar of Sif Muna.
  1482 | D:3      | Noticed Grinder
  1533 | D:3      | Noticed Jessica
  1552 | D:3      | Killed Jessica
  1553 | D:3      | Reached skill level 5 in Axes
  1553 | D:3      | Reached XP level 5. HP: 36/36 MP: 5/5
  1758 | D:3      | Found a shadowy altar of Dithmenos.
  1760 | D:3      | Found an iron altar of Okawaru.
  1762 | D:3      | Found an opulent altar of Gozag.
  1762 | D:3      | Found a radiant altar of Vehumet.
  1775 | D:3      | Became a worshipper of Gozag Ym Sagoz the Greedy
  1790 | D:3      | Identified the +0 plate armour of Botixt {Str-2 Dex+5}
  1867 | D:3      | Found a basalt altar of Yredelemnul.
  2092 | D:4      | Noticed a black bear
  2094 | D:4      | Identified a scroll of acquirement
  2094 | D:4      | Acquired the ring of Doubts {+Blink rCorr Str-5 SInv}
  2105 | D:4      | Killed a black bear
  2106 | D:4      | Reached XP level 6. HP: 22/43 MP: 6/6
  2233 | D:4      | Reached skill level 4 in Fighting
  2290 | D:4      | Reached skill level 6 in Axes
  2511 | D:4      | Noticed Robin
  2522 | D:4      | HP: 10/43 [goblin/+0 club[Robin] (1)]
  2526 | D:4      | Killed Robin
  2637 | D:4      | Reached XP level 7. HP: 49/49 MP: 7/7
  2667 | D:4      | Found a blossoming altar of Fedhas.
  2796 | D:5      | Entered Level 5 of the Dungeon
  2801 | D:5      | Found a runed translucent gate.
  2801 | D:5      | Found a runed translucent gate.
  2810 | D:5      | Noticed Edmund
  2823 | D:5      | Killed Edmund
  2824 | D:5      | Reached skill level 7 in Axes
  2868 | D:5      | Noticed a troll
  2870 | D:5      | Found a runed translucent gate.
  2870 | D:5      | Noticed Dittersdorf's ghost (novice GrFi)
  2937 | D:5      | Reached skill level 5 in Fighting
  3126 | D:5      | HP: 7/50 [ice beast (11)]
  3127 | D:5      | Slain by an ice beast

Illustrated notes

Levels and vault maps discovered:
D:1:      onia_arrival_pyramid, layout_loops_ring, minmay_pentomino_r2
D:2:      layout_basic, basic_altar, hangedman_decor_lopped, uniq_terence
D:3:      layout_basic, lemuel_zombie_altar_yredelemnul,
          grunt_temple_overflow_open, minmay_misc_feat_nine_boxes, uniq_grinder,
          uniq_jessica
D:4:      layout_cave_pools, mainiacjoe_overflow_24_doors, nicolae_titane,
          uniq_robin
D:5:      layout_basic, minmay_temple_entry_from_below_a, gammafunk_ghost_split,
          ebering_dispersal_statue_hall, uniq_edmund

Skill      XL: |  1  2  3  4  5  6  7 |
---------------+----------------------+-----
Axes           | 4 5 6 7 |  7.3
Fighting       | 3 4 5 |  5.0
Throwing       | |  2.0
Dodging        | |  3.0

Action                     |  1- 3 |  4- 6 |  7- 9 || total
---------------------------+-------+-------+-------++-------
  Melee: War axe           |    37 |    86 |    30 ||   153
         Tentacles         |     9 |    15 |     5 ||    29
         Constrict         |    11 |    19 |     4 ||    34
  Throw: Javelin           |     1 |       |       ||     1
         Dart              |       |     2 |       ||     2
  Evoke: Wand              |       |     2 |       ||     2
    Use: Scroll            |       |     1 |       ||     1
         Potion            |       |     1 |     2 ||     3
   Stab: Sleeping          |     6 |    10 |       ||    16
         Distracted        |     1 |       |     1 ||     2
 Armour: Skin              |    14 |    43 |    24 ||    81
  Dodge: Dodged            |    15 |    63 |    36 ||   114

Table legend: (Time is in decaauts)
 A = Elapsed time spent in this place.
 B = Non-inter-level travel time spent in this place.
 C = Inter-level travel time spent in this place.
 D = Time resting spent in this place.
 E = Time spent auto-exploring this place.
 F = Levels seen in this place.
 G = Mean time per level.
                   A        B        C        D        E       F      G
               +--------+--------+--------+--------+--------+-----+--------+
         Total |   3162 |   3091 |     71 |     20 |   2525 |   5 |  632.4 |
       Dungeon |   3162 |   3091 |     71 |     20 |   2525 |   5 |  632.4 |
               +--------+--------+--------+--------+--------+-----+--------+

Top non-repeatable levels by time:
     D:2: 739 daAuts
     D:1: 732 daAuts
     D:4: 721 daAuts
     D:3: 633 daAuts
     D:5: 335 daAuts

Levels and vault maps discovered:
D:1:      onia_arrival_pyramid, layout_loops_ring, minmay_pentomino_r2
D:2:      layout_basic, basic_altar, hangedman_decor_lopped, uniq_terence
D:3:      layout_basic, lemuel_zombie_altar_yredelemnul,
          grunt_temple_overflow_open, minmay_misc_feat_nine_boxes, uniq_grinder,
          uniq_jessica
D:4:      layout_cave_pools, mainiacjoe_overflow_24_doors, nicolae_titane,
          uniq_robin
D:5:      layout_basic, minmay_temple_entry_from_below_a, gammafunk_ghost_split,
          ebering_dispersal_statue_hall, uniq_edmund

Table legend: (Time is in decaauts)
 A = Elapsed time spent in this place.
 B = Non-inter-level travel time spent in this place.
 C = Inter-level travel time spent in this place.
 D = Time resting spent in this place.
 E = Time spent auto-exploring this place.
 F = Levels seen in this place.
 G = Mean time per level.
                   A        B        C        D        E       F      G
               +--------+--------+--------+--------+--------+-----+--------+
         Total |   3162 |   3091 |     71 |     20 |   2525 |   5 |  632.4 |
       Dungeon |   3162 |   3091 |     71 |     20 |   2525 |   5 |  632.4 |
               +--------+--------+--------+--------+--------+-----+--------+

Top non-repeatable levels by time:
     D:2: 739 daAuts
     D:1: 732 daAuts
     D:4: 721 daAuts
     D:3: 633 daAuts
     D:5: 335 daAuts

Table legend:
 A = Kills in this place as a percentage of kills in the entire game.
 B = Kills by you in this place as a percentage of kills by you in the entire game.
 C = Kills by friends in this place as a percentage of kills by friends in the entire game.
 D = Other kills in this place as a percentage of other kills in the entire game.
 E = Experience gained in this place as a percentage of experience gained in the entire game.
 F = Experience gained in this place divided by the number of levels of this place that you have seen.
                   A       B       C       D       E      F
               +-------+-------+-------+-------+-------+----------------------
         Total | 100.0 | 100.0 |   N/A |   N/A | 100.0 | 196.8
       Dungeon | 100.0 | 100.0 |   N/A |   N/A | 100.0 | 196.8
               +-------+-------+-------+-------+-------+----------------------
